 Dungeon Crawl Stone Soup version 0.29-a0-337-g68df138881 (webtiles) character file.

Game seed: 15290823001644224168

697 spaghetti the Conjurer (level 7, 0/45 HPs)
             Began as an Octopode Conjurer on Apr 16, 2022.
             Was a Believer of Makhleb.
             Slain by a steam dragon (4 damage)
             ... on level 6 of the Dungeon.
             The game lasted 00:06:18 (4323 turns).

spaghetti the Conjurer (Octopode Conjurer)          Turns: 4323, Time: 00:06:18

Health: 0/45       AC:  1    Str: 13    XL:     7   Next: 65%
Magic:  1/13       EV: 13    Int: 28    God:    Makhleb [**....]
Gold:   208        SH:  0    Dex: 10    Spells: 3/14 levels left

rFire   . . .      SeeInvis .   t - +1 whip (venom) {mace}
rCold   + . .      Faith    .   r - orb {*channel}
rNeg    . . .      Spirit   .   (helmet restricted)
rPois   .          Reflect  .   (no amulet)
rElec   .          Harm     .   o - +6 ring of intelligence
rCorr   .          Rampage  .   A - +6 ring of strength
Will    .....                   B - ring of protection from cold
Stlth   +++.......              (no ring)
HPRegen 0.15/turn               (no ring)
MPRegen 0.13/turn               (no ring)
                                (no ring)
                                (no ring)

@: no status effects
A: almost no armour, amphibious, 8 rings, camouflage 1, gelatinous body 1,
(nimble swimmer 1), tentacles
a: Renounce Religion, Minor Destruction


You were on level 6 of the Dungeon.
You worshipped Makhleb.
Makhleb was pleased with you.
You visited 1 branch of the dungeon, and saw 5 of its levels.

You collected 208 gold pieces.


Innate Abilities, Weirdness & Mutations

You cannot wear most types of armour.
You are amphibious.
You can wear up to eight rings at the same time.
Your skin changes colour to match your surroundings (Stealth+).
Your rubbery body absorbs attacks. (AC +1, EV +1)
((You are camouflaged when in or above water. (Stealth+)))
You have tentacles for arms and can constrict up to eight enemies at once.


   Skills:
 + Level 2.2 Fighting
 + Level 3.2 Dodging
 + Level 4.5 Stealth
 * Level 4.2 Spellcasting
 * Level 5.7 Conjurations
 + Level 1.4 Hexes
 + Level 1.4 Translocations
 * Level 2.0 Evocations


You had 3 spell levels left.
You knew the following spells:

 Your Spells              Type           Power      Damage    Failure   Level
a - Magic Dart            Conj           100%       1d8       1%          1
b - Searing Ray           Conj           74%        2d7       1%          2
c - Fulminant Prism       Conj/Hex       12%        3d9       17%         4
d - Iskenderun's Mystic   Conj/Tloc      26%        2d7       17%         4

Your spell library contained the following spells:

 Spells                   Type           Power      Damage    Failure   Level
 Slow                     Hex            56%        N/A       4%          1
 Dazzling Flash           Conj/Hex       50%        N/A       4%          3
 Confusing Touch          Hex            14%        N/A       12%         3
 Inner Flame              Hex/Fire       9%         N/A       16%         3
 Vampiric Draining        Necr           5%         2d6       22%         3
 Cause Fear               Hex            7%         N/A       36%         4
 Discord                  Hex            7%         N/A       100%        8

Inventory:

Hand Weapons
 b - a +0 short sword {short}
   (You found it on level 1 of the Dungeon)
 d - a +0 war axe {axe}
   (You found it on level 1 of the Dungeon)
 k - a +1 vorpal war axe {axe}
   (You found it on level 1 of the Dungeon)
 s - a +1 dagger of speed {short}
   (You took it off a goblin on level 3 of the Dungeon)
 t - a +1 whip of venom (weapon) {mace}
   (You took it off a kobold on level 3 of the Dungeon)
Missiles
 c - 131 stones {throwing}
 n - 3 poisoned darts {throwing}
 q - 3 boomerangs {throwing}
Armour
 r - an orb of energy (worn)
   (You found it on level 3 of the Dungeon)
Jewellery
 o - a +6 ring of intelligence (left tentacle)
   (You took it off a hobgoblin on level 2 of the Dungeon)
 A - a +6 ring of strength (right tentacle)
   (You took it off an orc on level 6 of the Dungeon)
 B - a ring of protection from cold (on tentacle)
   (You found it on level 6 of the Dungeon)
Scrolls
 g - 3 scrolls of teleportation {unknown}
 h - a scroll of fog {unknown}
 j - 2 scrolls of identify {unknown}
 l - a scroll of blinking {unknown}
 p - a scroll of amnesia {unknown}
 u - a scroll of immolation {unknown}
 w - a scroll of noise {unknown}
 x - a scroll of holy word {unknown}
 y - a scroll of vulnerability {unknown}
Potions
 a - a potion of magic
 e - a potion of attraction {unknown}
 f - 2 potions of haste {unknown}
 i - 2 potions of heal wounds {unknown}
 m - 3 potions of curing {unknown}
 v - a potion of brilliance {unknown}
 z - a potion of ambrosia {unknown}

Dungeon Overview and Level Annotations

Branches:
Dungeon (4/15)
 Temple: D:4-7

Altars:
Makhleb
Nemelex Xobeh
Trog
Uskayaw

Shops:
D:2 =

Annotations:
D:2 1 runed translucent door, Crazy Yiuf
D:3 2 transporters, Dragobro's ghost, amateur MiFi

# ## #$ .. .# #.#
#. #.# ...#. #.#
#.#. #.#####
...##......
#.)...###.....##
#§@D....+......#
#.......#......#.
#................
##....###......##.
+.....++........
#.............###
#....♣..≈≈.......
#...≈..≈.≈.≈≈≈.#
#...≈≈.≈.≈..≈..#


You could see a steam dragon (catching breath, corroded).


Message History

An orc is nearby! 😎 HP[+13]
Your hp is fully restored (45).
An orc is nearby!
An orc is nearby!
An orc is nearby!
Casting: Searing Ray (safe; 1% risk of failure)
Confirm with . or Enter, or press ? or * to list all spells.
You can't see any susceptible monsters within range! (Use Z to cast anyway.)
The orc shouts!
Casting: Searing Ray (safe; 1% risk of failure)
Confirm with . or Enter, or press ? or * to list all spells.
Aiming: Searing Ray (safe; 1% risk of failure)
Press: ? - help, Shift-Dir - straight line, f - orc
Aim: an orc, wielding a +0 falchion (81% to hit)
The searing ray hits the orc. (Press . to maintain the ray.) 😎 MP[-2]
You lost 2 mp, and now have 11/13 mp.
The searing ray hits the orc!
You kill the orc!
Makhleb accepts your kill.
A steam dragon comes into view. 😎 MP[-1]
You lost 1 mp, and now have 10/13 mp.
Casting: Searing Ray (safe; 1% risk of failure)
Confirm with . or Enter, or press ? or * to list all spells.
Restarting spell: Searing Ray (safe; 1% risk of failure)
Press: ? - help, Shift-Dir - straight line, f - steam dragon
Aim: a steam dragon (wandering, hasn't noticed you, 81% to hit)
The searing ray hits the steam dragon!
The steam dragon hisses angrily. (Press . to maintain the ray.) 😎 MP[-2]
You lost 2 mp, and now have 8/13 mp.
The searing ray misses the steam dragon. 😎 MP[-1]
You lost 1 mp, and now have 7/13 mp.
The searing ray misses the steam dragon. 😎 MP[-1]
You lost 1 mp, and now have 6/13 mp.
The searing ray hits the steam dragon.
You finish channelling your searing ray.
The steam dragon breathes steam at you. The ball of steam misses you. 😎 MP[-1]
You lost 1 mp, and now have 5/13 mp.
Unknown command.
Casting: Searing Ray (safe; 1% risk of failure)
Confirm with . or Enter, or press ? or * to list all spells.
Aiming: Searing Ray (safe; 1% risk of failure)
Press: ? - help, Shift-Dir - straight line, f/p - steam dragon
Aim: a steam dragon (moderately wounded, 81% to hit)
The searing ray hits the steam dragon! (Press . to maintain the ray.)
The steam dragon breathes steam at you.
The ball of steam hits you! 😕 HP[-11] MP[-1]
You take 11 damage, and now have 34/45 hp.
MASSIVE DAMAGE!! (PAUSE)
You lost 1 mp, and now have 4/13 mp.
The searing ray misses the steam dragon.
You are engulfed in a cloud of scalding steam.
The steam dragon barely misses you.
The steam dragon claws you. 😮 HP[-10] MP[-1]
You take 10 damage, and now have 24/45 hp.
MASSIVE DAMAGE!! (PAUSE)
You lost 1 mp, and now have 3/13 mp.
The searing ray hits the steam dragon.
The steam dragon breathes steam at you. The ball of steam misses you. 😮 MP[-1]
You lost 1 mp, and now have 2/13 mp.
The searing ray misses the steam dragon.
You finish channelling your searing ray.
You are engulfed in a cloud of scalding steam.
* * * LOW HITPOINT WARNING * * *
The steam dragon closely misses you.
The steam dragon misses you. 😨 HP[-6] MP[-1]
You take 6 damage, and now have 18/45 hp.
You lost 1 mp, and now have 1/13 mp.
You aren't carrying any items that you can evoke.
Unknown command.
Aiming: Minor Destruction (22% risk of failure)
Press: ? - help, Shift-Dir - straight line, f/p - steam dragon
Aim: a steam dragon (severely wounded, catching its breath)
The glob of acid hits the steam dragon.
The acid corrodes the steam dragon!
You are engulfed in a cloud of scalding steam.
* * * LOW HITPOINT WARNING * * *
The steam dragon misses you.
The steam dragon barely misses you. 😨 HP[-4]
You take 4 damage, and now have 14/45 hp.
Aiming: Minor Destruction (22% risk of failure)
Press: ? - help, Shift-Dir - straight line, f/p - steam dragon
Aim: a steam dragon (almost dead, catching its breath, covered in acid)
The stone arrow misses the steam dragon.
You are engulfed in a cloud of scalding steam.
* * * LOW HITPOINT WARNING * * *
The steam dragon bites you.
You die...

Skill      XL: |  1  2  3  4  5  6  7 |
---------------+----------------------+-----
Fighting       | 1 2 |  2.2
Stealth        | 3 4 |  4.5
Spellcasting   | 3 4 |  4.2
Conjurations   | 5 |  5.7
Translocations | 1 |  1.4
Evocations     | 1 2 |  2.0
Dodging        | 3 |  3.2
Hexes          | 1 |  1.4

Action                   |  1- 3 |  4- 6 |  7- 9 || total
-------------------------+-------+-------+-------++-------
Melee: Unarmed           |     5 |       |       ||     5
       Tentacles         |     5 |     2 |       ||     7
       Constrict         |     2 |     1 |       ||     3
       War axe           |     2 |     1 |       ||     3
       Whip              |       |     3 |       ||     3
 Cast: Magic Dart        |     6 |    43 |     4 ||    53
       Searing Ray       |     8 |    29 |    10 ||    47
Invok: Minor Destruction |       |       |     3 ||     3
Dodge: Dodged            |     8 |    10 |    11 ||    29

Levels and vault maps discovered:
D:1:      matt_arrival_refuge, layout_loops_ring,
          shapermc_ecumenical_altar_mp_vishouse
D:2:      layout_basic, serial_shops, shop, uniq_sigmund,
          uniq_crazy_yiuf_cottage
D:3:      layout_loops_corners, grunt_temple_overflow_open,
          gammafunk_ghost_mausoleum
D:4:      layout_loops_cross
D:6:      wad_guarded_room, layout_basic, grunt_qazlal_clouds,
          minmay_temple_entry_glass, chequers_serial_rivers_marsh,
          kennysheep_generic_room_11

Notes
Turn   | Place    | Note
-------+----------+-------------------------------------------
     0 | D:1      | spaghetti the Octopode Conjurer began the quest for the
                  | Orb.
     0 | D:1      | Reached XP level 1. HP: 11/11 MP: 3/3
     0 | D:1      | magus.rc [v1.9.6]
   318 | D:1      | Reached XP level 2. HP: 17/17 MP: 1/5
   321 | D:1      | Learned a level 2 spell: Searing Ray
   852 | D:1      | Found a faded altar of an unknown god.
   877 | D:1      | Prayed at the altar of an unknown god.
   877 | D:1      | Became a worshipper of Makhleb the Destroyer
   877 | D:1      | Reached * piety under Makhleb
  1114 | D:2      | Noticed Sigmund
  1121 | D:2      | Killed Sigmund
  1122 | D:2      | Reached skill level 1 in Fighting
  1122 | D:2      | Reached skill level 3 in Stealth
  1122 | D:2      | Reached skill level 3 in Spellcasting
  1122 | D:2      | Reached XP level 3. HP: 13/23 MP: 0/7
  1122 | D:2      | Reached XP level 4. HP: 16/28 MP: 0/9
  1122 | D:2      | Reached XP level 5. HP: 19/33 MP: 0/10
  1255 | D:2      | Found Docasch's Jewellery Shoppe.
  1407 | D:2      | Reached skill level 5 in Conjurations
  1414 | D:2      | Learned a level 4 spell: Fulminant Prism
  1920 | D:2      | Found a runed translucent door.
  1921 | D:2      | Noticed Crazy Yiuf
  2169 | D:3      | Learned a level 4 spell: Iskenderun's Mystic Blast
  2266 | D:3      | You pick up a book of Debilitation and begin reading...
  2266 | D:3      | You add the spells Slow, Vampiric Draining and Confusing
                  | Touch to your library.
  2268 | D:3      | Found a sparkling altar of Nemelex Xobeh.
  2270 | D:3      | Found a hide-covered altar of Uskayaw.
  2270 | D:3      | Found a bloodstained altar of Trog.
  2441 | D:3      | Reached XP level 6. HP: 38/38 MP: 7/11
  2441 | D:3      | Reached ** piety under Makhleb
  3161 | D:3      | Found a transporter.
  3163 | D:3      | Noticed Dragobro's ghost (amateur MiFi)
  3166 | D:3      | Found a transporter.
  3404 | D:3      | Reached skill level 4 in Stealth
  3640 | D:4      | You pick up a book of Hexes and begin reading...
  3640 | D:4      | You add the spells Inner Flame, Cause Fear and Discord to
                  | your library.
  3647 | D:4      | Reached skill level 1 in Translocations
  3697 | D:4      | Reached skill level 1 in Evocations
  3819 | D:4      | You fall into a shaft and drop 2 floors!
  3852 | D:6      | Noticed an ice beast
  3859 | D:6      | Killed an ice beast
  3860 | D:6      | Reached skill level 2 in Fighting
  3860 | D:6      | Reached skill level 3 in Dodging
  3860 | D:6      | Reached skill level 4 in Spellcasting
  3860 | D:6      | Reached skill level 1 in Hexes
  3860 | D:6      | Reached XP level 7. HP: 45/45 MP: 3/13
  4188 | D:6      | Reached skill level 2 in Evocations
  4312 | D:6      | Noticed a steam dragon
  4323 | D:6      | HP: 3/45 [steam dragon] (10)]
  4323 | D:6      | Slain by a steam dragon

Vanquished Creatures
  Sigmund (D:2)
  A black bear (D:6)
  An ice beast (D:6)
  A jelly (D:6)
  2 orc priests
  An iguana (D:4)
  2 orc wizards
  8 gnolls
  2 adders
  A worm (D:3)
  2 dart slugs (D:1)
  10 orcs
  3 endoplasms
  2 giant cockroaches
  9 goblins
  4 hobgoblins
  7 jackals
  5 kobolds
  2 quokkas
  4 ball pythons
  3 bats
  2 frilled lizards (D:2)
  5 rats
78 creatures vanquished.

Table legend:
 A = Non-vault XP
 B = Vault XP
 C = Vault XP percentage of total XP
 D = Non-vault monster count
 E = Vault monster count
 F = Vault count percentage of total count
                 A         B        C        D         E       F
            +---------+---------+-------+---------+---------+-------
      Total |     766 |     231 |  23.2 |      77 |       1 |   1.3
            +---------+---------+-------+---------+---------+-------
        D:1 |      29 |       0 |   0.0 |      14 |       0 |   0.0
        D:2 |      35 |     231 |  86.8 |      16 |       1 |   5.9
        D:3 |     128 |       0 |   0.0 |      24 |       0 |   0.0
        D:4 |     160 |       0 |   0.0 |      12 |       0 |   0.0
        D:6 |     414 |       0 |   0.0 |      11 |       0 |   0.0
            +---------+---------+-------+---------+---------+-------

Illustrated notes

Table legend:
 A = Kills in this place as a percentage of kills in entire the game.
 B = Kills by you in this place as a percentage of kills by you in the entire game.
 C = Kills by friends in this place as a percentage of kills by friends in the entire game.
 D = Other kills in this place as a percentage of other kills in the entire game.
 E = Experience gained in this place as a percentage of experience gained in the entire game.
 F = Experience gained in this place divided by the number of levels of this place that you have seen.
                   A       B       C       D       E      F
               +-------+-------+-------+-------+-------+----------------------
         Total | 100.0 | 100.0 |   N/A |   N/A | 100.0 | 199.4
       Dungeon | 100.0 | 100.0 |   N/A |   N/A | 100.0 | 199.4
               +-------+-------+-------+-------+-------+----------------------

Table legend: (Time is in decaauts)
 A = Elapsed time spent in this place.
 B = Non-inter-level travel time spent in this place.
 C = Inter-level travel time spent in this place.
 D = Time resting spent in this place.
 E = Time spent auto-exploring this place.
 F = Levels seen in this place.
 G = Mean time per level.
                   A        B        C        D        E       F      G
               +--------+--------+--------+--------+--------+-----+--------+
         Total |   4325 |   4185 |    140 |    363 |   3339 |   5 |  865.0 |
       Dungeon |   4325 |   4185 |    140 |    363 |   3339 |   5 |  865.0 |
               +--------+--------+--------+--------+--------+-----+--------+

Top non-repeatable levels by time:
     D:3: 1388 daAuts
     D:2: 1131 daAuts
     D:1: 1032 daAuts
     D:6: 502 daAuts
     D:4: 270 daAuts
